 366116 Aisha the Scorcher (level 22, -3/164 HPs)
             Began as an Octopode Fire Elementalist on Sept 28, 2019.
             Was the Champion of Dithmenos.
             Shot with a bolt by a yaktaur (34 damage)
             ... on level 2 of the Depths on Sept 29, 2019.
             The game lasted 05:58:45 (86711 turns).

Aisha the Scorcher (Octopode Fire Elementalist)    Turns: 86711, Time: 05:58:46

Health: -3/164     AC:  5    Str:  7    XL:     22   Next: 55%
Magic:  4/38       EV: 25    Int: 30    God:    Dithmenos [******]
Gold:   1800       SH: 11    Dex: 17    Spells: 0/45 levels left

rFire    + + +     SeeInvis .   J - +10 dagger "Pendulum" {pain, rPois rN+ Str-5}
rCold    + + .     Gourm    .   A - +3 buckler {AC+3}
rNeg     + + +     Faith    .   k - -2 hat of the Alchemist {rElec rPois rF+ rC+ rN+ MR+ rMut rCorr}
rPois    +         Spirit   .   L - +3 amulet of reflection
rElec    +         Reflect  +   F - ring of protection from fire
rCorr    +         Harm     .   f - ring of fire
rMut     +                      K - ring "Tufobe Dexi" {rPois rC+}
MR       +++..                  M - ring of protection from magic
Stlth    ++++++++++             I - +4 ring of intelligence
HPRegen  0.37/turn              O - +3 ring of protection
MPRegen  0.26/turn              D - +4 ring of dexterity
                                c - ring of Heresy {rC+ rN+ Str+4}

@: wreathed by umbra
A: almost no armour, stealthy swim, amphibious, 8 rings, constrict 8, camouflage
1, gelatinous body 1
}: 2/15 runes: serpentine, barnacled
a: Shadow Step, Shadow Form, Renounce Religion


Innate Abilities, Weirdness & Mutations

You cannot wear most types of armour.
You are very stealthy in the water. (Stealth+)
You are amphibious.
You can wear up to eight rings at the same time.
You can use your tentacles to constrict eight enemies at once.
Your skin changes colour to match your surroundings (Stealth+).
Your rubbery body absorbs attacks. (AC +1, EV +1)


   Skills:
 + Level 17.6 Fighting
 - Level 15.0 Dodging
 - Level 10.0 Stealth
 - Level 4.0 Shields
 - Level 12.0 Spellcasting
 - Level 12.2 Conjurations
 + Level 4.3 Hexes
 - Level 8.0 Charms
 - Level 4.7 Necromancy
 - Level 4.1 Translocations
 - Level 20.6 Fire Magic
 - Level 5.0 Air Magic
 + Level 10.7 Invocations


You couldn't memorise any spells.
You knew the following spells:

 Your Spells              Type           Power        Failure   Level  Hunger
b - Fireball              Conj/Fire      ########..   1%          5    ##.....
c - Conjure Flame         Conj/Fire      ########     0%          3    None
e - Regeneration          Chrm/Necr      ######....   1%          3    None
f - Throw Flame           Conj/Fire      ######       0%          2    None
i - Swiftness             Chrm/Air       ######..     1%          2    None
k - Airstrike             Air            #####.....   3%          4    None
n - Ignition              Fire           ########..   4%          8    #######
o - Ring of Flames        Chrm/Fire      ########..   7%          7    ######.
s - Animate Skeleton      Necr           N/A          1%          1    None
u - Summon Butterflies    Summ           ###.....     2%          1    None
y - Sticky Flame          Conj/Fire      ########     1%          4    None
I - Blink                 Tloc           N/A          1%          2    None
X - Confuse               Hex            #####...     1%          3    None

Your spell library contained the following spells:

 Spells                   Type           Power        Failure   Level  Hunger
 Flame Tongue             Conj/Fire      #####        0%          1    None
 Apportation              Tloc           #####.       1%          1    None
 Confusing Touch          Hex            #####.       1%          1    None
 Corona                   Hex            #####..      1%          1    None
 Infusion                 Chrm           ####         1%          1    None
 Magic Dart               Conj           ####         1%          1    None
 Pain                     Necr           ####         1%          1    None
 Shock                    Conj/Air       ####         1%          1    None
 Sting                    Conj/Pois      ####         1%          1    None
 Corpse Rot               Necr           N/A          1%          2    None
 Ensorcelled Hibernation  Hex/Ice        ####..       1%          2    None
 Poisonous Vapours        Pois/Air       ####..       1%          2    None
 Searing Ray              Conj           ######       1%          2    None
 Shroud of Golubria       Chrm/Tloc      ######....   1%          2    None
 Slow                     Hex            #####...     1%          2    None
 Song of Slaying          Chrm           ######..     1%          2    None
 Sublimation of Blood     Necr           #####.....   1%          2    None
 Throw Frost              Conj/Ice       ######       1%          2    None
 Dazzling Spray           Conj/Hex       ######       1%          3    None
 Gell's Gravitas          Tloc           #####.....   1%          3    None
 Ignite Poison            Fire/Tmut/Pois ######..     1%          3    None
 Inner Flame              Hex/Fire       #######.     1%          3    None
 Lesser Beckoning         Tloc           #####.....   1%          3    None
 Mephitic Cloud           Conj/Pois/Air  ######..     1%          3    None
 Ozocubu's Armour         Chrm/Ice       #####...     1%          3    None
 Spectral Weapon          Hex/Chrm       ######..     1%          3    None
 Static Discharge         Conj/Air       ######..     1%          3    None
 Stone Arrow              Conj/Erth      ######       1%          3    None
 Tukima's Dance           Hex            #####...     1%          3    None
 Vampiric Draining        Necr           #####.....   1%          3    None
 Force Lance              Conj/Tloc      ######..     1%          4    None
 Fulminant Prism          Conj/Hex       ######....   1%          4    None
 Iskenderun's Mystic Bla  Conj           #######.     1%          4    None
 Bolt of Magma            Conj/Fire/Erth #######...   1%          5    ##.....
 Iskenderun's Battlesphe  Conj/Chrm      ######..     1%          5    ##.....
 Bolt of Fire             Conj/Fire      ########..   1%          6    ####...
 Beastly Appendage        Tmut           ###...       2%          1    None
 Freeze                   Ice            ###.         2%          1    None
 Summon Small Mammal      Summ           ###.         2%          1    None
 Throw Icicle             Conj/Ice       ######..     2%          4    None
 Bolt of Draining         Conj/Necr      ######....   2%          5    ##.....
 Lightning Bolt           Conj/Air       ######....   2%          5    ##.....
 Recall                   Summ/Tloc      N/A          3%          3    None
 Summon Guardian Golem    Hex/Summ       ####....     3%          3    None
 Call Imp                 Summ           ###.....     4%          2    None
 Sticks to Snakes         Tmut           ###.....     4%          2    None
 Animate Dead             Necr           N/A          4%          4    None
 Excruciating Wounds      Chrm/Necr      ######....   6%          5    ##.....
 Venom Bolt               Conj/Pois      ######....   6%          5    ##.....
 Call Canine Familiar     Summ           ###.....     9%          3    None
 Spider Form              Tmut/Pois      ###.......   9%          3    None
 Summon Lightning Spire   Summ/Air       ####....     10%         4    None
 Leda's Liquefaction      Hex/Erth       ####......   12%         4    None
 Agony                    Necr           #####...     12%         5    ##.....
 Dispel Undead            Necr           #####...     12%         5    ##.....
 Ice Form                 Ice/Tmut       ###.....     28%         4    None
 Olgreb's Toxic Radiance  Pois           ###.....     28%         4    None
 Petrify                  Tmut/Erth      ###.....     28%         4    None
 Summon Ice Beast         Ice/Summ       ###.....     28%         4    None
 Metabolic Englaciation   Hex/Ice        ####......   32%         5    ##.....
 Summon Forest            Summ/Tloc      ####......   32%         5    ##.....
 Summon Mana Viper        Hex/Summ       ####....     32%         5    ##.....
 Yara's Violent Unravell  Hex/Tmut       ####......   32%         5    ##.....
 Freezing Cloud           Conj/Ice/Air   ######....   38%         6    ####...
 Invisibility             Hex            #####...     58%         6    ####...
 Alistair's Intoxication  Tmut/Pois      ###.....     61%         5    ##.....
 Aura of Abjuration       Summ           ###.......   61%         5    ##.....
 Blade Hands              Tmut           ###.......   61%         5    ##.....
 Summon Demon             Summ           ###.......   61%         5    ##.....
 Hydra Form               Tmut           ###.......   99%         6    ####...
 Shadow Creatures         Summ           N/A          99%         6    ####...
 Summon Hydra             Summ           ###.......   100%        7    ######.

Inventory:

Hand Weapons
 J - the +10 dagger "Pendulum" (weapon) {pain, rPois rN+ Str-5}
   (You took it off a naga mage on level 1 of the Snake Pit)

   In the hands of one skilled in necromantic magic, it inflicts extra damage on
   living creatures.
   It affects your strength (-5).
   It protects you from poison.
   It protects you from negative energy.
Missiles
 j - 8 throwing nets (quivered) {=f}
Armour
 k - the -2 hat of the Alchemist (worn) {rElec rPois rF+ rC+ rN+ MR+ rMut rCorr}
   (You bought it in a shop on level 9 of the Dungeon)

   It protects you from fire.
   It protects you from cold.
   It insulates you from electricity.
   It protects you from poison.
   It protects you from negative energy.
   It affects your resistance to hostile enchantments.
   It provides partial protection from all sources of acid and corrosion.
   It protects you from mutation.
 A - a +3 buckler of protection (worn)
Magical Staves
 B - an uncursed staff of wizardry {!a}
Jewellery
 c - the ring of Heresy (on tentacle) {rC+ rN+ Str+4}
   (You bought it in a shop on level 2 of the Orcish Mines)

   [ring of positive energy]

   It affects your strength (+4).
   It protects you from cold.
   It protects you from negative energy.
 f - a ring of fire (right tentacle)
 D - a +4 ring of dexterity (on tentacle)
 F - a ring of protection from fire (left tentacle)
 I - a +4 ring of intelligence (on tentacle)
 K - the ring "Tufobe Dexi" (on tentacle) {rPois rC+}
   (You bought it in a shop on level 2 of the Orcish Mines)

   [ring of protection from cold]

   It protects you from cold.
   It protects you from poison.
 L - a +3 amulet of reflection (around mantle)
 M - a ring of protection from magic (on tentacle)
 O - a +3 ring of protection (on tentacle)
 Z - the ring "Yduat" {Int-4 Slay+5 SInv}
   (You took it off a merfolk on level 4 of the Shoals)

   [ring of see invisible]

   It affects your intelligence (-4).
   It affects your accuracy and damage with ranged weapons and melee attacks
   (+5).
   It lets you see invisible.
Wands
 m - a wand of iceblast (36)
 q - a wand of enslavement (17)
 r - a wand of paralysis (31)
 N - a wand of acid (12)
 P - a wand of random effects (14)
 S - a wand of digging (14)
 V - a wand of polymorph (26)
Scrolls
 g - a scroll of remove curse {@r2}
 l - 3 scrolls of immolation {!r}
 s - 7 scrolls of magic mapping
 x - 6 scrolls of vulnerability {!r}
 E - 6 scrolls of fog
 G - 3 scrolls of holy word
 H - 2 scrolls of blinking
 Q - 4 scrolls of fear
 T - a scroll of summoning
Potions
 h - 19 potions of curing {@q1}
 i - 4 potions of magic
 o - 7 potions of might
 p - 9 potions of lignification {!q}
 t - 5 potions of agility
 u - 11 potions of brilliance
 v - 7 potions of heal wounds {@q2}
 w - 2 potions of ambrosia
 z - 3 potions of haste {@q3}
 R - 5 potions of invisibility
 W - 2 potions of cancellation
 Y - 3 potions of resistance
Miscellaneous
 a - a lightning rod (4/4)
 e - a phantom mirror
 y - a lamp of fire
 C - a sack of spiders
 U - a box of beasts
 X - a phial of floods
Comestibles
 b - 20 rations {@e1}


Message History

The frost giant hits your fire dragon with a +2 battleaxe of freezing!!!
The frost giant freezes your fire dragon!
The frost giant hits your rime drake with a +2 battleaxe of freezing!
The frost giant freezes your rime drake.
Your rime drake dies!
Your rime drake's corpse dissolves into shadows!
You hear a shout!
Your fire dragon breathes flames at the frost giant.
The blast of flame hits the frost giant!!!
The yaktaur wields a +0 arbalest.
The yaktaur shoots a bolt.
The bolt barely misses you.
You hear a splash.
The frost giant hits your fire dragon with a +2 battleaxe of freezing!!
The frost giant freezes your fire dragon!
Your fire dragon bites the frost giant.
Your fire dragon claws the frost giant but does no damage.
Your fire dragon tramples the frost giant but does no damage.
The frost giant points at your fire dragon and mumbles some strange words.
The bolt of cold hits your fire dragon!!!
Your fire dragon is frozen!
Your fire dragon dies!
Your fire dragon's corpse dissolves into shadows!
The yaktaur shoots a bolt.
The bolt barely misses you.
You hear a splash.
The frost giant casts a spell at you. The bolt of cold hits you! You resist.
* * * LOW HITPOINT WARNING * * *
Unknown command.
The yaktaur shoots a bolt.
The bolt hits you!!
You die...

Skill      XL: |  1  2  3  4  5  6  7  8  9 10 11 12 13 14 15 16 17 18 19 20 21 22 |
---------------+-------------------------------------------------------------------+-----
Conjurations   | 2 3 4 5 7 8 10 11 12 | 12.2
Fire Magic     | 4 5 6 8 10 12 15 16 17 19 20 | 20.6
Spellcasting   | 3 4 5 7 8 10 11 12 | 12.0
Fighting       | 5 8 10 11 12 13 14 15 16 17 | 17.6
Dodging        | 5 8 10 11 12 13 14 15 | 15.0
Shields        | 4 |  4.0
Necromancy     | 4 |  4.7
Translocations | 2 4 |  4.1
Invocations    | 4 6 9 10 | 10.7
Stealth        | 6 10 | 10.0
Air Magic      | 3 5 |  5.0
Charms         | 6 8 |  8.0
Hexes          | 4 |  4.3

Action                   |  1- 3 |  4- 6 |  7- 9 | 10-12 | 13-15 | 16-18 | 19-21 | 22-24 || total
-------------------------+-------+-------+-------+-------+-------+-------+-------+-------++-------
Melee: Dagger            |    65 |    80 |   186 |       |       |   128 |   137 |    62 ||   658
       Constrict         |    21 |    21 |    48 |    50 |    79 |    74 |    27 |     6 ||   326
       Unarmed           |     7 |       |       |       |       |       |       |       ||     7
       Tentacles         |     6 |    12 |    40 |    41 |    93 |   132 |    28 |    22 ||   374
       Scimitar          |       |       |     5 |   187 |   149 |       |       |       ||   341
       Double sword      |       |       |       |       |   140 |       |       |       ||   140
       Long sword        |       |       |       |       |    46 |   295 |     4 |       ||   345
       Trident           |       |       |       |       |    14 |    34 |       |       ||    48
       Staff             |       |       |       |       |       |       |     8 |       ||     8
Throw: Throwing net      |       |       |       |       |       |       |     1 |       ||     1
 Cast: Flame Tongue      |    16 |    33 |    97 |   208 |    95 |    71 |       |       ||   520
       Throw Flame       |    12 |    23 |    30 |    93 |   330 |   231 |   220 |    81 ||  1020
       Sticky Flame      |       |     2 |    23 |    65 |   156 |   173 |    99 |    31 ||   549
       Conjure Flame     |       |     1 |     5 |    42 |    30 |     7 |     7 |     3 ||    95
       Fireball          |       |       |     1 |    23 |    85 |   214 |   459 |    98 ||   880
       Force Lance       |       |       |       |       |    11 |       |       |       ||    11
       Summon Butterflie |       |       |       |       |     2 |       |     1 |     1 ||     4
       Blink             |       |       |       |       |       |     7 |     8 |     7 ||    22
       Airstrike         |       |       |       |       |       |     2 |    51 |     8 ||    61
       Regeneration      |       |       |       |       |       |       |     3 |     1 ||     4
       Ring of Flames    |       |       |       |       |       |       |     1 |       ||     1
Evoke: Wand              |       |     3 |       |    30 |    12 |    18 |     7 |     2 ||    72
  Use: Scroll            |       |       |    13 |     1 |    26 |    13 |     8 |     5 ||    66
       Potion            |       |       |     2 |       |     2 |       |     3 |     3 ||    10
 Stab: Sleeping          |    10 |    10 |    13 |     4 |     7 |    10 |     1 |     2 ||    57
       Distracted        |       |       |       |       |     2 |     2 |     1 |       ||     5
       Paralysed         |       |       |       |       |       |     6 |       |       ||     6
  Eat: Chunk             |     4 |    11 |    24 |    44 |    59 |    42 |    60 |     7 ||   251
       Ration            |       |       |       |     3 |    10 |    18 |    12 |     4 ||    47
Armor: Skin              |    13 |     6 |    14 |    27 |    68 |    37 |    17 |    11 ||   193
Dodge: Dodged            |    47 |    55 |   172 |   331 |   641 |   721 |   359 |   128 ||  2454
Block: Buckler           |       |       |       |    46 |   253 |   315 |   206 |    61 ||   881
       Reflection        |       |       |       |       |       |       |    31 |     5 ||    36
       Rpst.: Scimitar   |       |       |     1 |    91 |    63 |       |       |       ||   155
       Double sword      |       |       |       |       |    86 |       |       |       ||    86
       Long sword        |       |       |       |       |    20 |    94 |     4 |       ||   118

Notes
Turn   | Place    | Note
-------+----------+-------------------------------------------
     0 | D:1      | Aisha the Octopode Fire Elementalist began the quest for
                  | the Orb.
     0 | D:1      | Reached XP level 1. HP: 11/11 MP: 3/3
    13 | D:1      | HP: 1/11 [hobgoblin/+0 club (2)]
   563 | D:1      | Reached XP level 2. HP: 13/17 MP: 0/5
   567 | D:1      | Learned a level 2 spell: Throw Flame
  1042 | D:1      | Reached XP level 3. HP: 19/21 MP: 6/6
  1050 | D:1      | Reached skill level 2 in Conjurations
  1289 | D:2      | Noticed Robin
  1760 | D:1      | Learned a level 3 spell: Conjure Flame
  1865 | D:2      | Noticed Terence
  1898 | D:2      | Reached XP level 4. HP: 26/27 MP: 5/7
  2005 | D:2      | Found a hazy altar of Hepliaklqana.
  2163 | D:2      | Killed Robin
  2163 | D:2      | Reached skill level 4 in Fire Magic
  2305 | D:2      | Noticed Sigmund
  2904 | D:3      | Reached skill level 3 in Conjurations
  2904 | D:3      | Reached XP level 5. HP: 28/31 MP: 4/9
  3903 | D:4      | Found a shadowy altar of Dithmenos.
  3913 | D:4      | Became a worshipper of Dithmenos the Shadowed
  4091 | D:4      | Reached skill level 3 in Spellcasting
  4091 | D:4      | Reached XP level 6. HP: 23/36 MP: 0/10
  4125 | D:4      | HP: 3/36 [poisoned by a scorpion]
  4402 | D:4      | Learned a level 4 spell: Sticky Flame
  4713 | D:4      | Reached skill level 4 in Conjurations
  4713 | D:4      | Reached skill level 5 in Fire Magic
  4910 | D:5      | Entered Level 5 of the Dungeon
  4965 | D:5      | Found a runed translucent door.
  4970 | D:5      | Noticed jocendy's ghost (amateur DsGl)
  5239 | D:5      | Reached XP level 7. HP: 22/41 MP: 1/12
  5783 | D:5      | Found a sacrificial altar of Ru.
  5874 | D:5      | Reached skill level 5 in Conjurations
  6080 | D:5      | Reached skill level 6 in Fire Magic
  6592 | D:6      | Found a snail-covered altar of Cheibriados.
  6610 | D:5      | Reached XP level 8. HP: 18/46 MP: 0/13
  6645 | D:6      | Reached skill level 4 in Spellcasting
  7130 | D:6      | Reached * piety under Dithmenos
  7152 | D:6      | Reached skill level 6 in Conjurations
  7270 | D:6      | Found a glowing golden altar of the Shining One.
  7273 | D:6      | Noticed Duvessa
  7273 | D:6      | Noticed Dowan
  7336 | D:6      | Killed Dowan
  7336 | D:6      | Reached skill level 7 in Fire Magic
  7340 | D:6      | Killed Duvessa
  7632 | D:6      | Learned a level 5 spell: Fireball
  7666 | D:6      | Found a staircase to the Ecumenical Temple.
  7812 | D:6      | Reached skill level 7 in Conjurations
  8404 | D:6      | Noticed Eustachio
  8410 | D:6      | Killed Eustachio
  8410 | D:6      | Reached skill level 8 in Fire Magic
  8410 | D:6      | Reached XP level 9. HP: 46/51 MP: 10/15
  8734 | D:7      | Reached skill level 8 in Conjurations
  8781 | D:7      | Reached skill level 1 in Fighting
  9027 | D:7      | Reached skill level 2 in Fighting
  9027 | D:7      | Reached skill level 3 in Dodging
  9050 | D:7      | Reached ** piety under Dithmenos
  9395 | D:7      | Reached skill level 3 in Fighting
  9477 | D:7      | Reached skill level 4 in Dodging
 10011 | D:7      | Found a white marble altar of Elyvilon.
 10130 | D:8      | Reached skill level 4 in Fighting
 10242 | D:7      | Reached skill level 5 in Dodging
 10622 | D:8      | Found an iron altar of Okawaru.
 10674 | D:8      | Reached skill level 5 in Fighting
 10674 | D:8      | Reached XP level 10. HP: 66/66 MP: 1/16
 10677 | D:8      | Reached *** piety under Dithmenos
 10783 | D:8      | Reached skill level 6 in Dodging
 10998 | D:8      | Found a staircase to the Lair.
 11098 | D:8      | Reached skill level 6 in Fighting
 11329 | D:8      | Reached skill level 7 in Dodging
 11924 | D:8      | Reached skill level 7 in Fighting
 12026 | D:8      | Reached **** piety under Dithmenos
 12501 | D:8      | Reached skill level 8 in Dodging
 12977 | D:9      | Reached skill level 8 in Fighting
 13029 | D:9      | Reached XP level 11. HP: 69/77 MP: 9/17
 13052 | D:9      | Found a shimmering altar of Xom.
 13052 | D:9      | Found a shimmering altar of Xom.
 13053 | D:9      | Found a shimmering altar of Xom.
 13224 | D:9      | Found Zocueg's Antique Armour Shoppe.
 13232 | D:9      | Bought a shiny buckler for 202 gold pieces
 13257 | D:9      | Found Hyrgh's Weapon Shop.
 13301 | D:9      | Found Siet's Antique Armour Boutique.
 13375 | D:10     | Entered Level 10 of the Dungeon
 13445 | D:10     | Reached skill level 1 in Shields
 13984 | D:9      | Reached skill level 2 in Shields
 14175 | D:10     | Noticed Josephine
 14297 | D:10     | Killed Josephine
 14297 | D:10     | Reached skill level 9 in Dodging
 14425 | D:10     | Noticed Maurice
 14525 | D:10     | Killed Maurice
 14525 | D:10     | Reached skill level 3 in Shields
 14702 | D:10     | Reached skill level 9 in Fighting
 15161 | D:10     | Found a white marble altar of Elyvilon.
 15188 | D:10     | Noticed a two-headed ogre
 15211 | D:10     | Killed a two-headed ogre
 15216 | D:10     | Reached skill level 4 in Shields
 15879 | D:11     | Noticed a two-headed ogre
 16197 | D:11     | Killed a two-headed ogre
 16197 | D:11     | Reached skill level 10 in Dodging
 16218 | D:11     | Reached skill level 10 in Fighting
 16425 | D:11     | Reached ***** piety under Dithmenos
 16508 | D:11     | Noticed a manticore
 16519 | D:11     | Noticed a manticore
 16535 | D:11     | Killed a manticore
 16535 | D:11     | Reached XP level 12. HP: 84/87 MP: 3/18
 16931 | D:11     | Noticed a five-headed hydra
 16935 | D:11     | Killed a five-headed hydra
 16935 | D:11     | Reached skill level 9 in Conjurations
 17553 | Lair:1   | Entered Level 1 of the Lair of Beasts
 17724 | Lair:1   | Noticed a seven-headed hydra
 18052 | D:12     | Learned a level 1 spell: Summon Butterflies
 18642 | D:12     | Noticed Kirke
 18684 | D:12     | Killed Kirke
 18684 | D:12     | Reached skill level 10 in Conjurations
 18996 | D:12     | Reached skill level 11 in Dodging
 19384 | D:12     | Found a staircase to the Orcish Mines.
 19409 | Orc:1    | Entered Level 1 of the Orcish Mines
 19425 | Orc:1    | Reached skill level 5 in Spellcasting
 19546 | Orc:2    | Entered Level 2 of the Orcish Mines
 19547 | Orc:2    | Noticed a two-headed ogre
 19548 | Orc:2    | Reached skill level 11 in Fighting
 19891 | Lair:1   | Killed a seven-headed hydra
 20062 | Lair:1   | Reached XP level 13. HP: 95/95 MP: 10/21
 20454 | Lair:1   | Learned a level 5 spell: Bolt of Draining
 20547 | Lair:2   | Got a scorched mace
 20732 | Lair:2   | Reached skill level 1 in Necromancy
 21141 | Lair:2   | Reached skill level 6 in Spellcasting
 21572 | Lair:3   | Found a glowing golden altar of the Shining One.
 21794 | Lair:3   | Reached skill level 2 in Necromancy
 21861 | Lair:3   | Found a runed translucent gate.
 21866 | Lair:3   | Found a runed translucent gate.
 21871 | Lair:3   | Found a runed translucent gate.
 21877 | Lair:3   | Noticed Kajir's ghost (journeyman MiFi)
 21878 | Lair:3   | Noticed Kajir's ghost (journeyman DEFE)
 21879 | Lair:3   | Noticed Aisha's ghost (journeyman OpFE)
 21879 | Lair:3   | Noticed Fondut's ghost (journeyman HaHu)
 22503 | Lair:3   | Reached skill level 3 in Necromancy
 22820 | Lair:4   | Reached ****** piety under Dithmenos
 23018 | Lair:4   | Found a staircase to the Snake Pit.
 23418 | Lair:4   | Reached skill level 12 in Dodging
 23453 | Lair:4   | Found a staircase to the Shoals.
 23479 | Lair:4   | Reached skill level 12 in Fighting
 23479 | Lair:4   | Reached skill level 7 in Spellcasting
 23479 | Lair:4   | Reached skill level 4 in Necromancy
 23703 | Lair:4   | Identified the +4 mace "Ygearchi" {crush, rC+ rN+++ Int-4}
                  | (You found it on level 2 of the Lair of Beasts)
 23711 | Lair:4   | Identified a scroll of acquirement
 24111 | Lair:4   | Learned a level 4 spell: Force Lance
 24310 | Lair:5   | Reached skill level 1 in Translocations
 24603 | Lair:5   | Reached skill level 2 in Translocations
 24624 | Lair:5   | Reached XP level 14. HP: 61/104 MP: 8/24
 24943 | Lair:5   | Noticed Rupert
 25010 | Lair:5   | Noticed Nessos
 25012 | Lair:5   | Paralysed by Nessos for 4 turns
 25016 | Lair:6   | Entered Level 6 of the Lair of Beasts
 25039 | Lair:5   | Noticed Sonja
 25148 | Lair:5   | Killed Sonja
 25148 | Lair:5   | Reached skill level 3 in Translocations
 25434 | Lair:5   | Paralysed by Nessos for 5 turns
 25454 | Lair:5   | Killed Nessos
 25454 | Lair:5   | Reached skill level 4 in Translocations
 25922 | Lair:6   | Found a viscous altar of Jiyva.
 25922 | Lair:6   | Found a staircase to the Slime Pits.
 26279 | Lair:5   | Reached skill level 11 in Conjurations
 27052 | Lair:6   | Reached skill level 13 in Fighting
 27059 | Lair:6   | Reached skill level 13 in Dodging
 27715 | Lair:6   | Got a pitted triple sword
 27732 | Lair:6   | Identified a potion of resistance
 27741 | Lair:6   | Identified the cursed +0 triple sword of Ridaelyj {venom,
                  | *Noise rElec Str+5 Dex+2} (You found it on level 6 of the
                  | Lair of Beasts)
 28717 | Orc:2    | Noticed a stone giant
 28848 | Orc:2    | Killed a stone giant
 29086 | Orc:2    | Found a staircase to the Elven Halls.
 29175 | Orc:2    | Identified a +2 robe of the Archmagi
 29259 | Orc:2    | Noticed an orc warlord
 29468 | Orc:2    | Killed an orc warlord
 29840 | Orc:2    | Reached XP level 15. HP: 111/111 MP: 13/25
 29991 | Orc:2    | Reached skill level 12 in Conjurations
 30505 | Orc:2    | Learned a level 1 spell: Animate Skeleton
 30786 | Orc:2    | Found Evelay's Jewellery Shop.
 30786 | Orc:2    | Found Paraikh's Food Emporium.
 30786 | Orc:2    | Found Buiq's Antique Armour Shoppe.
 30789 | Orc:2    | Found Heecvot's Book Boutique.
 30870 | Orc:2    | Bought a book of Minor Magic for 200 gold pieces
 30873 | Orc:2    | Learned a level 2 spell: Blink
 30982 | D:9      | Bought the -2 hat of the Alchemist {rElec rPois rF+ rC+ rN+
                  | MR+ rMut rCorr} for 991 gold pieces
 30982 | D:9      | Found the -2 hat of the Alchemist {rElec rPois rF+ rC+ rN+
                  | MR+ rMut rCorr}
 32843 | D:14     | Reached skill level 1 in Invocations
 32994 | D:14     | Found a gate to the Vaults.
 33010 | D:14     | Found a shattered altar of Ashenzari.
 33251 | D:14     | Found a hazy altar of Hepliaklqana.
 33669 | D:14     | You fall through a shaft!
 33669 | D:15     | Entered Level 15 of the Dungeon
 34038 | Shoals:1 | Entered Level 1 of the Shoals
 34043 | Shoals:1 | Reached skill level 2 in Invocations
 34151 | Shoals:1 | Reached skill level 9 in Fire Magic
 34727 | Shoals:1 | Learned a level 3 spell: Regeneration
 34978 | Orc:2    | Bought the ring "Tufobe Dexi" {rPois rC+} for 470 gold
                  | pieces
 34978 | Orc:2    | Bought the ring of Heresy {rC+ rN+ Str+4} for 551 gold
                  | pieces
 34983 | Orc:2    | Bought a book of Fire for 650 gold pieces
 35271 | Shoals:2 | Reached skill level 14 in Fighting
 35273 | Shoals:2 | Reached skill level 14 in Dodging
 35552 | Shoals:1 | Reached skill level 3 in Invocations
 36542 | Shoals:2 | Noticed Polyphemus
 37320 | Shoals:2 | Noticed Ilsuiw
 37331 | Shoals:2 | Killed Ilsuiw
 37331 | Shoals:2 | Reached skill level 10 in Fire Magic
 37331 | Shoals:2 | Reached skill level 4 in Invocations
 37827 | Shoals:2 | Noticed Louise
 37847 | Shoals:2 | Killed Louise
 38365 | Shoals:2 | Reached XP level 16. HP: 58/119 MP: 1/26
 38579 | Shoals:2 | Killed Polyphemus
 38998 | Shoals:3 | Reached skill level 5 in Invocations
 39694 | Shoals:3 | Reached skill level 11 in Fire Magic
 40259 | Shoals:4 | Entered Level 4 of the Shoals
 41035 | Shoals:4 | Identified the Compendium of Snow and Fire
 41192 | Shoals:4 | Reached skill level 6 in Invocations
 41429 | Shoals:4 | Identified the ring "Yduat" {Int-4 Slay+5 SInv}
 42115 | Shoals:4 | Got a barnacled rune of Zot
 42497 | Shoals:4 | Reached skill level 12 in Fire Magic
 43058 | Orc:2    | Bought Ponoer's Reference Book on Virous Weightlessness for
                  | 650 gold pieces
 43328 | Lair:3   | Got a pitted spear
 43329 | Lair:3   | Identified the +2 spear "Bamus" {pierce, rElec rN+ MR-}
                  | (You found it on level 3 of the Lair of Beasts)
 43391 | Lair:2   | Killed Aisha's ghost
 43786 | Snake:1  | Entered Level 1 of the Snake Pit
 43885 | Snake:1  | Identified the +10 dagger "Pendulum" {pain, rPois rN+
                  | Str-5}
 43999 | Snake:1  | Reached skill level 15 in Fighting
 44074 | Snake:1  | Reached skill level 15 in Dodging
 44297 | Snake:1  | Reached XP level 17. HP: 127/127 MP: 12/27
 44632 | Snake:1  | Reached skill level 13 in Fire Magic
 45327 | Snake:2  | Got a transparent shield
 45338 | Snake:2  | Identified the +1 shield of the Ward {rN+ Str+2} (You
                  | acquired it on level 2 of the Snake Pit)
 45556 | Snake:2  | Found Beiw's Gadget Shop.
 46415 | Snake:2  | Reached skill level 14 in Fire Magic
 47872 | Snake:3  | Reached skill level 3 in Stealth
 48501 | Snake:3  | Reached skill level 8 in Spellcasting
 48524 | Snake:3  | Reached skill level 4 in Stealth
 49462 | Snake:4  | Entered Level 4 of the Snake Pit
 49462 | Snake:4  | Found a runed translucent door.
 49538 | Snake:3  | Reached skill level 5 in Stealth
 49950 | Snake:4  | Reached skill level 15 in Fire Magic
 50453 | Snake:4  | Reached skill level 6 in Stealth
 51395 | Snake:4  | Reached XP level 18. HP: 134/134 MP: 19/30
 51872 | Snake:4  | Reached skill level 7 in Stealth
 52050 | Snake:4  | Reached skill level 9 in Spellcasting
 52709 | Snake:4  | Reached skill level 8 in Stealth
 52993 | Snake:4  | Reached skill level 16 in Fire Magic
 53728 | Snake:4  | Reached skill level 9 in Stealth
 54120 | Snake:4  | Got a serpentine rune of Zot
 55160 | D:15     | Found a staircase to the Depths.
 55562 | D:15     | Identified a +2 robe of the Archmagi
 55865 | D:15     | Found Laem's Demolitions Depot.
 56442 | Snake:4  | Got a fine long sword
 56443 | Snake:4  | Identified the cursed +1 long sword of Due Proportion
                  | {elec, Str+4} (You found it on level 4 of the Snake Pit)
 56722 | Orc:2    | Bought a book of Air for 350 gold pieces
 56727 | Orc:2    | Learned a level 4 spell: Airstrike
 56730 | Orc:2    | Learned a level 2 spell: Swiftness
 56991 | Lair:4   | Learned a level 8 spell: Ignition
 57170 | Elf:1    | Entered Level 1 of the Elven Halls
 57181 | Elf:1    | Reached skill level 10 in Stealth
 57187 | Elf:1    | Reached skill level 1 in Air Magic
 57628 | Elf:1    | Reached skill level 10 in Spellcasting
 57885 | Elf:1    | Reached skill level 2 in Air Magic
 58202 | Elf:1    | Identified Lilimm's Tome of Confrontation
 58484 | Elf:1    | Found Awkef's Jewellery Shop.
 58782 | Elf:1    | Reached skill level 3 in Air Magic
 58788 | Elf:1    | Reached XP level 19. HP: 103/139 MP: 2/33
 59311 | Elf:1    | Reached skill level 17 in Fire Magic
 59819 | Elf:2    | Reached skill level 4 in Air Magic
 60406 | Elf:2    | Reached skill level 1 in Charms
 61084 | Elf:2    | Reached skill level 2 in Charms
 61446 | Elf:2    | Reached skill level 5 in Air Magic
 61787 | Elf:2    | Reached skill level 3 in Charms
 62197 | Elf:2    | Found a huge runed translucent gate.
 62198 | Elf:2    | Found a huge runed translucent gate.
 62199 | Elf:2    | Found a huge runed translucent gate.
 62200 | Elf:2    | Found a huge runed translucent gate.
 62200 | Elf:2    | Found a huge runed translucent gate.
 62690 | Elf:3    | Entered Level 3 of the Elven Halls
 62866 | Elf:3    | Found Zoawar's Weapon Boutique.
 63127 | Elf:3    | Reached skill level 4 in Charms
 64701 | Vaults:1 | Entered Level 1 of the Vaults
 64952 | Orc:2    | Bought a +3 amulet of reflection for 204 gold pieces
 65209 | Vaults:1 | Reached skill level 5 in Charms
 66172 | Vaults:1 | Found Luhucwa's Food Shop.
 66717 | Vaults:1 | Reached skill level 6 in Charms
 66925 | Vaults:1 | Reached XP level 20. HP: 146/146 MP: 11/34
 67038 | Vaults:1 | Reached skill level 11 in Spellcasting
 67365 | Vaults:1 | Reached skill level 18 in Fire Magic
 68326 | Vaults:1 | Reached skill level 7 in Charms
 69123 | Vaults:2 | Noticed a bone dragon
 69150 | Vaults:1 | Killed a bone dragon
 69455 | Vaults:2 | Found a staircase to the Crypt.
 70211 | Vaults:2 | Reached skill level 8 in Charms
 71635 | Vaults:2 | Learned a level 7 spell: Ring of Flames
 72274 | Vaults:2 | Reached skill level 16 in Fighting
 73929 | Vaults:3 | Reached skill level 19 in Fire Magic
 74232 | Vaults:3 | Reached XP level 21. HP: 97/153 MP: 5/36
 74235 | Vaults:3 | Noticed Bai Suzhen
 75087 | Vaults:4 | Reached skill level 12 in Spellcasting
 76489 | Vaults:4 | Reached skill level 7 in Invocations
 76878 | Vaults:4 | Found Tesig's Food Emporium.
 79234 | Vaults:3 | Reached skill level 8 in Invocations
 79790 | Vaults:3 | Reached skill level 20 in Fire Magic
 80528 | Elf:3    | Identified the +5 scale mail "Ameazum" {Slay+3}
 80652 | Elf:3    | Identified the +0 leather armour of Peek-a-Boo {*Drain
                  | rElec Int-4 Dex+7}
 80789 | Elf:3    | Identified the +5 chain mail of Igydux {-Tele rCorr Int+8
                  | Dex-3}
 80968 | Elf:3    | Reached skill level 17 in Fighting
 80980 | Elf:3    | Identified the cursed +1 robe of Distant Shores {rPois rF+}
 80980 | Elf:3    | Identified the ring of the Many Dances {Ice -Tele rN+
                  | Slay+3}
 81149 | Elf:3    | Reached skill level 9 in Invocations
 81399 | Elf:3    | Reached XP level 22. HP: 145/162 MP: 17/38
 81523 | Elf:3    | Identified the amulet of Dogma {RegenMP rElec Str+5}
 81557 | Elf:3    | Identified the +6 dagger of Keasuc {drain, rN+}
 81937 | Elf:3    | Identified the ring "Polilual" {Wiz Int+3}
 82618 | Depths:1 | Entered Level 1 of the Depths
 83320 | Depths:1 | Learned a level 3 spell: Confuse
 83429 | Depths:1 | Reached skill level 1 in Hexes
 84129 | Depths:1 | Reached skill level 2 in Hexes
 84148 | Depths:1 | Reached skill level 10 in Invocations
 84602 | Depths:1 | Found a bloodstained altar of Trog.
 84742 | Depths:1 | Reached skill level 3 in Hexes
 85560 | Depths:1 | Found a gateway to Hell.
 85643 | Depths:1 | Found a one-way gate leading to the halls of Pandemonium.
 86129 | Depths:1 | Reached skill level 4 in Hexes
 86326 | Depths:2 | Found a magical portal.
 86335 | WizLab   | Entered Wucad Mu's Monastery
 86691 | WizLab   | HP: 16/164 [grey draconian monk[old memories] (15)]
 86693 | Depths:2 | HP: 6/164 [frost giant/bolt of cold (11)]
 86711 | Depths:2 | Shot with a bolt by a yaktaur

Vanquished Creatures
  A bone dragon (Vaults:1)
  A lich (Vaults:4)
  2 deep elf blademasters (Elf:3)
  Polyphemus (Shoals:2)
  A sphinx (Vaults:4)
  7 nagarajas (Snake:4)
  Ilsuiw (Shoals:2)
  A storm dragon (Vaults:2)
  Kirke (D:12)
  A shadow dragon (Vaults:4)
  An emperor scorpion (shapeshifter) (Elf:2)
  12 deep elf sorcerers
  12 vault wardens
  4 frost giants
  2 fire giants
  Louise (Shoals:2)
  An orc warlord (Orc:2)
  5 deep elf elementalists (Elf:3)
  17 ironheart preservers
  2 ghouls (Vaults:2)
  11 stone giants
  4 very ugly things
  Nessos (Lair:5)
  A deep elf demonologist (Vaults:1)
  2 entropy weavers
  7 deep elf annihilators
  A spark wasp (Depths:2)
  The ghost of Aisha the Thaumaturge, a journeyman OpFE of Sif Muna (Lair:2)
  4 merfolk javelineers
  Josephine (D:10)
  6 merfolk impalers
  4 ettins
  4 deep elf death magi
  6 yaktaur captains
  5 deep elf high priests (Elf:3)
  10 vault guards
  2 fire dragons
  3 ice dragons
  A hell beast (Depths:1)
  3 great orbs of eyes
  A rakshasa (Vaults:3)
  14 naga warriors
  5 hydras
  2 catoblepae
  12 centaur warriors
  14 anacondas
  An alligator snapping turtle (Shoals:2)
  3 merfolk aquamancers (Shoals:4)
  12 death yaks
  5 merfolk avatars (Shoals:4)
  18 dancing weapons
  4 death knights
  4 tengu warriors (D:15)
  20 two-headed ogres
  5 deep troll shamans
  6 ogre magi
  6 spriggan berserkers (Depths:1)
  2 orc high priests
  5 deep troll earth magi
  13 deep elf knights
  10 shock serpents
  A titan zombie (Depths:1)
  A titan skeleton (D:15)
  17 naga sharpshooters
  Sonja (Lair:5)
  A fire crab (Lair:5)
  A sixfirhy (Depths:1)
  3 glowing orange brains
  11 sea snakes
  10 skeletal warriors
  23 deep trolls
  5 salamander mystics
  2 unseen horrors
  2 flayed ghosts
  11 naga ritualists
  2 necromancers
  13 orc knights
  8 ironbrand convokers
  10 mana vipers
  A phantasmal warrior (Vaults:4)
  2 lindwurms
  20 deep elf archers
  16 harpies
  2 orc sorcerers (Orc:2)
  16 fauns
  A wolf spider (Vaults:4)
  A wolf spider zombie (D:14)
  25 ugly things
  51 deep elf magi
  9 salamanders
  Maurice (D:10)
  An oklob plant (Lair:1)
  4 cyclopes
  9 elephants
  13 manticores
  A fire giant skeleton (D:15)
  10 merfolk sirens
  3 guardian serpents (shapeshifter)
  4 water nymphs
  58 black mambas
  20 naga magi
  10 vault sentinels
  2 orange demons (Depths:1)
  20 spiny frogs
  4 guardian serpents
  2 gargoyles
  12 freezing wraiths
  3 kobold demonologists (D:15)
  5 rime drakes (Lair:6)
  7 komodo dragons
  35 yaktaurs
  A spriggan skeleton (D:15)
  An efreet (D:14)
  5 trolls
  3 polar bears (D:8)
  22 merfolk
  A hornet (shapeshifter) (Depths:1)
  A queen bee (D:8)
  4 tyrant leeches (Lair:6)
  15 blink frogs
  7 hornets
  A meliai zombie (D:13)
  4 wind drakes
  17 slime creatures
  5 snapping turtles
  A deep troll zombie (D:15)
  2 dream sheep (Shoals:2)
  A fire giant simulacrum (Vaults:2)
  6 hippogriffs
  10 wraiths
  A shadow (D:13)
  A vampire (D:12)
  7 water elementals
  A tarantella (shapeshifter) (Vaults:2)
  45 yaks
  5 air elementals
  An ice dragon skeleton (Depths:1)
  A ynoxinul (Depths:1)
  2 humans (D:8)
  4 hogs (D:12)
  2 wyverns
  4 fire elementals
  Eustachio (D:6)
  A basilisk (Lair:5)
  A human (shapeshifter) (Vaults:4)
  A human simulacrum (Vaults:3)
  A soldier ant (D:10)
  4 hungry ghosts
  8 vampire mosquitoes
  56 nagas
  4 wargs
  A tengu zombie (Depths:1)
  2 soldier ants (shapeshifter)
  2 acid dragons (Vaults:1)
  21 water moccasins
  Duvessa (D:6)
  A porcupine (Lair:3)
  10 ice beasts
  A black bear (shapeshifter) (Vaults:2)
  33 orc warriors
  A meliai simulacrum (D:15)
  A hornet zombie (D:8)
  A spriggan simulacrum (Depths:1)
  2 necrophages
  An eye of draining (D:10)
  4 phantoms
  4 boggarts (Vaults:2)
  15 wolves
  25 centaurs
  22 ogres
  17 crocodiles
  8 big kobolds
  30 bullfrogs
  A gnoll sergeant (D:11)
  A yaktaur skeleton (Depths:1)
  2 earth elementals
  3 wyvern skeletons
  Dowan (D:6)
  6 scorpions
  19 killer bees
  9 wights
  6 howler monkeys
  2 electric eels
  7 crimson imps
  A bullfrog zombie (D:5)
  4 centaur zombies
  2 quasits
  4 centaur skeletons
  8 orc priests
  7 hounds
  5 jellies
  6 orc wizards
  A bullfrog skeleton (D:6)
  2 iguanas
  An iron imp (Depths:1)
  9 worker ants
  A killer bee zombie (D:8)
  2 hound zombies
  2 hound skeletons
  A howler monkey zombie (D:7)
  Robin (D:2)
  8 gnolls
  19 adders
  6 shadow imps
  A white imp (D:8)
  A worker ant simulacrum (D:8)
  3 ufetubi (D:8)
  An adder zombie (D:7)
  4 worms
  A dart slug (D:1)
  4 leopard geckos
  86 orcs
  4 ball pythons
  5 giant cockroaches
  15 goblins
  13 hobgoblins
  12 jackals
  5 quokkas
  8 bats
  6 frilled lizards
  24 kobolds
  A leopard gecko skeleton (D:4)
  A quokka simulacrum (D:8)
  A quokka zombie (D:5)
  5 rats
  A fungus (Lair:6)
  2 plants
  A withered plant (D:15)
1616 creatures vanquished.

Vanquished Creatures (others)
  A yaktaur captain (Vaults:3)
  A merfolk aquamancer (Shoals:4)
  2 deep elf archers
  2 yaktaurs
  A human (D:12)
  An ogre (Orc:2)
  14 fungi
  65 plants
  5 withered plants
92 creatures vanquished.

Grand Total: 1708 creatures vanquished
